 Dungeon Crawl Stone Soup version 0.13.0-26-gf7ffa3a (webtiles) character file.

823 Lilouch the Firebug (level 6, -1/28 HPs)
             Began as a Deep Elf Fire Elementalist on Nov 2, 2013.
             Slain by an orc warrior
             ... wielding a +0,+4 orcish flail
              (11 damage)
             ... on Level 4 of the Dungeon.
             The game lasted 00:37:45 (5500 turns).

Lilouch the Firebug (Deep Elf Fire Elementalist)    Turns: 5500, Time: 00:37:46

HP  -1/28        AC 10     Str  5      XL: 6   Next: 98%
MP  19/19        EV  8     Int 22      God:
Gold 313         SH  0     Dex 15      Spells:  4 memorised,  2 levels left

Res.Fire  : . . .   See Invis. : .   (no weapon)
Res.Cold  : + . .   Warding    : .   Q - +0 orc ring mail {rC+}
Life Prot.: . . .   Conserve   : .   (no shield)
Res.Poison: .       Res.Corr.  : .   (no helmet)
Res.Elec. : .       Clarity    : .   (no cloak)
Sust.Abil.: . .     Spirit.Shd : .   B - +0 pair of elf gauntlets
Res.Mut.  : .       Stasis     : .   z - +0 pair of elf boots
Res.Rott. : .       Flight     : .   (no amulet)
Saprovore : . . .                    (no ring)
                                     (no ring)

@: slightly resistant to hostile enchantments, fairly stealthy
A: blurry vision 1, -10% hp, AC +3
a: no special abilities


You were on level 4 of the Dungeon.
You were very hungry.

You visited 1 branch of the dungeon, and saw 4 of its levels.

You collected 293 gold pieces.

Inventory:

Hand weapons
 r - a +0,+1 orcish spear
 s - a +0,+1 orcish spear
 t - a -1,+0 orcish dagger
 v - a -1,+0 orcish dagger
 y - a -1,+0 orcish dagger
 A - a +0,+0 dagger
 C - a +0,+0 spear
 D - a +1,+3 orcish dagger
 E - a +1,+2 orcish dagger
 H - a +1,+1 dwarven dagger
 I - a +2,+2 dagger
 J - a cursed -2,-2 dwarven dagger
 M - a -1,-3 spear
 O - a +0,+0 spear
 P - a +0,+0 orcish dagger
Missiles
 p - 14 exploding darts (quivered)
Armour
 z - a +0 pair of elven boots (worn)
 B - a +0 pair of elven gauntlets (worn)
 N - a +0 elven scale mail
 Q - a +0 orcish ring mail of cold resistance (worn)
Comestibles
 c - 2 bread rations
 f - a pear
 l - 15 sultanas
 L - a cheese
Scrolls
 a - a scroll of blinking
 d - a scroll of identify
 e - 2 scrolls of enchant weapon II {unknown}
 h - 3 scrolls of recharging
 k - a scroll of enchant armour
 m - a scroll of teleportation {unknown}
 n - a scroll of remove curse
 q - a scroll of magic mapping
 G - a scroll of random uselessness {unknown}
Potions
 g - a potion of brilliance {unknown}
 i - a potion of restore abilities {unknown}
 u - a potion of slowing {unknown}
 x - a potion of berserk rage {unknown}
 K - 2 potions of cure mutation
Books
 b - a book of Flames

   Spells                             Type                      Level
   *Flame Tongue                      Conjuration/Fire             1
   *Throw Flame                       Conjuration/Fire             2
   *Conjure Flame                     Conjuration/Fire             3
   Inner Flame                        Hexes/Fire                   3
   Sticky Flame                       Conjuration/Fire             4
   *Fireball                          Conjuration/Fire             5


   Skills:
 + Level 2.4 Armour
 - Level 2.4 Dodging
 - Level 2.4 Stealth
 + Level 4.3 Spellcasting
 + Level 3.9 Conjurations
 * Level 5.8 Fire Magic


You had 2 spell levels left.
You knew the following spells:

 Your Spells              Type           Power        Failure   Level  Hunger
a - Flame Tongue          Conj/Fire      ####.        8%          1    None
b - Conjure Flame         Conj/Fire      ####....     21%         3    ###....
c - Throw Flame           Conj/Fire      ####..       12%         2    None
d - Fireball              Conj/Fire      ####......   98%         5    #####..


Dungeon Overview and Level Annotations

Branches:
Dungeon (4/27)             Temple (0/1) D:4

Altars:
Yredelemnul


Innate Abilities, Weirdness & Mutations

You are partially covered in icy blue scales (AC +1).
You are partially covered in thin metallic scales (AC +2).
Your vision is a little blurry.
You are frail (-10% HP).


Message History

You start resting.
Your magical contamination has completely faded away.
Eat which item? (? for menu, Esc to quit)
Okay, then.
You see here a halberd.
You start resting.
Magic restored.
You start resting.
You start resting.
All of the chunks of flesh in your inventory have completely rotted away.
You start resting.
You are feeling very hungry.
There is a stone staircase leading down here.
You climb downwards.
The orc warrior hits you with an orcish flail!
Ouch! That really hurt!
The orc unwields an uncursed orcish long sword.
The orc wields a bow.
The orc shoots an arrow.
The arrow hits you!
The orc warrior hits you with an orcish flail!
You die...

#.................
#.................
#.................
#.................
#...o........(....
#.................
#.......o.........
#o................
#@(.(.(.[.........
#<................
#<................
#.................
#.................
#.................
#.................
#.................
#.................


You could see an orc warrior, an orc priest and an orc.

Vanquished Creatures
  A centaur (D:4)
  An orc priest (D:3)
  A worker ant (D:4)
  A gnoll shaman (D:4)
  4 orc wizards
  The ghost of M4edhros the Sneak, a weakling OpAr (D:3)
  5 gnolls (D:3)
  7 adders
  A worm (D:3)
  4 giant geckos
  19 orcs
  6 bats
  4 giant cockroaches
  8 goblins
  14 hobgoblins
  A quokka (D:3)
  4 giant newts
  A hobgoblin skeleton (D:4)
  6 kobolds
  A kobold zombie (D:4)
  4 rats
  A plant (D:2)
95 creatures vanquished.

Notes
Turn   | Place    | Note
--------------------------------------------------------------
     0 | D:1      | Lilouch, the Deep Elf Fire Elementalist, began the quest for the Orb.
     0 | D:1      | Reached XP level 1. HP: 10/10 MP: 4/4
   384 | D:1      | Reached XP level 2. HP: 15/15 MP: 1/6
  1024 | D:2      | Found a basalt altar of Yredelemnul.
  1330 | D:2      | Reached skill level 4 in Fire Magic
  1330 | D:2      | Reached XP level 3. HP: 19/19 MP: 6/9
  1432 | D:2      | Reached skill level 1 in Armour
  2176 | D:2      | Reached XP level 4. HP: 20/24 MP: 6/12
  2608 | D:3      | Learned a level 3 spell: Conjure Flame
  2614 | D:3      | Reached XP level 5. HP: 28/28 MP: 11/15
  2703 | D:3      | Noticed M4edhros' ghost (weakling OpAr)
  2715 | D:3      | Killed M4edhros' ghost
  3490 | D:3      | HP: 1/28 [orc wizard/magic dart (9)]
  3498 | D:3      | Gained mutation: You are partially covered in icy blue scales (AC +1). [potion of mutation]
  3498 | D:3      | Gained mutation: You are partially covered in thin metallic scales (AC +2). [potion of mutation]
  3498 | D:3      | Gained mutation: You are frail (-10% HP). [potion of mutation]
  3507 | D:3      | Reached skill level 5 in Fire Magic
  3514 | D:3      | Gained mutation: Your vision is a little blurry. [potion of mutation]
  3514 | D:3      | Gained mutation: You cover ground slowly. [potion of mutation]
  3514 | D:3      | Lost mutation: You cover ground slowly. [potion of mutation]
  4118 | D:3      | Reached XP level 6. HP: 28/28 MP: 15/18
  4498 | D:3      | Learned a level 2 spell: Throw Flame
  4504 | D:3      | Learned a level 5 spell: Fireball
  5266 | D:4      | Found a staircase to the Ecumenical Temple.
  5500 | D:4      | Slain by an orc warrior

Action                   |  1- 3 |  4- 6 || total
-------------------------+-------+-------++-------
Melee: Spear             |   168 |    14 ||   182
       Unarmed           |       |     1 ||     1
Throw: Club              |    28 |    57 ||    85
       Dagger            |     7 |    35 ||    42
       Spear             |       |    13 ||    13
       Hand axe          |       |     3 ||     3
       Dart              |       |     4 ||     4
 Cast: Flame Tongue      |    49 |   115 ||   164
       Conjure Flame     |       |     5 ||     5
       Throw Flame       |       |    19 ||    19
  Use: Potion            |       |     7 ||     7
       Scroll            |       |     7 ||     7
